 Dungeon Crawl Stone Soup version 0.31-a0-460-g9e667d4245 (webtiles) character file.

Game seed: 16592893805194458012

30 Shard1697 the Chopper (level 3, 0/24 HPs)
             Began as a Formicid Wanderer on Aug 4, 2023.
             Slain by an iguana (6 damage)
             ... on level 2 of the Dungeon.
             The game lasted 00:01:17 (632 turns).

Shard1697 the Chopper (Formicid Wanderer)            Turns: 632, Time: 00:01:17

Health: 0/24       AC:  5    Str: 16    XL:     3   Next: 37%
Magic:  3/3        EV: 12    Int: 11    God:
Gold:   71         SH:  0    Dex: 15    Spells: 2/2 levels left

rFire   . . .        a - +0 hand axe
rCold   . . .        (no shield)
rNeg    . . .        b - +2 leather armour
rPois   .            (helmet unavailable)
rElec   .            (no cloak)
rCorr   .            (no gloves)
SInv    +            (no boots)
Will    .....        (no amulet)
Stlth   ++           (no ring)
HPRegen 0.24/turn    (no ring)
MPRegen 0.08/turn

%: no passive effects
@: no status effects
A: permanent stasis, dig shafts and tunnels, antennae 3, four strong arms
a: Dig, Shaft Self


You were on level 2 of the Dungeon.
You visited 1 branch of the dungeon, and saw 2 of its levels.

You collected 71 gold pieces.

Inventory:

Hand Weapons
 a - a +0 hand axe (weapon)
Armour
 b - a +2 leather armour (worn)
 e - a +0 scale mail
Scrolls
 g - a scroll of blinking {unknown}
 h - 4 scrolls of identify {unknown}
 i - a scroll of teleportation {unknown}
 j - a scroll of vulnerability {unknown}
Potions
 c - a potion of lignification
 d - a potion of curing
 f - a potion of heal wounds {unknown}


   Skills:
 + Level 4.2 Axes
 - Level 3.2 Armour
 - Level 2.6 Dodging
 - Level 1.2 Stealth


You had 2 spell levels left.
You didn't know any spells.
Your spell library contained the following spells:

 Spells                   Type           Power      Damage    Failure   Level
 Sandblast                Erth           0%         2d4       38%         1
 Passwall                 Tmut/Erth      0%         N/A       54%         2
 Stone Arrow              Conj/Erth      0%         3d7       77%         3


Dungeon Overview and Level Annotations

Branches:
Dungeon (2/15)

Altars:

Shops:
D:1 *


Innate Abilities, Weirdness & Mutations

You cannot be hasted, slowed, berserked, paralysed or teleported.
You can dig through walls and to a lower floor.
You have a pair of large antennae on your head. (SInv)
Your four strong arms can wield two-handed weapons with a shield.


Message History

The jackal misses you.
You slash the jackal!
You kill the jackal!
You hit the jackal.
The jackal is moderately wounded.
The jackal bites you but does no damage. x2
You slash the jackal!
You kill the jackal!
No target in view!
No target in view!
No target in view!
No target in view!
No target in view!
No target in view!
No target in view!
No target in view!
No target in view!
No target in view!
No target in view!
No target in view!
No target in view!
No target in view!
A hobgoblin comes into view.
The hobgoblin shouts!
Found a ring mail and a gold piece.
An iguana comes into view.
The hobgoblin hits you.
The iguana hisses angrily.
You hit the hobgoblin.
You kill the hobgoblin!
You hit the iguana but do no damage. The iguana bites you!
The iguana bites you but does no damage.
You hit the iguana.
The iguana is moderately wounded.
The iguana bites you!
* * * LOW HITPOINT WARNING * * *
You closely miss the iguana.
The iguana is moderately wounded.
The iguana bites you.
You die...

###### ......
########......
#.......[... #
#.......... ## #.
#........##### #. #..
#......l...... #.
##...##.....@.....$. #.
............†....... #.
...##...........[. #.
#.######...... #. #.#
...... #. #.# ...... #.
#.# ..... #. #.# .....
#.
#.####################.


You could see an iguana.

Vanquished Creatures
  A dart slug (D:1)
  2 endoplasms (D:1)
  3 goblins (D:1)
  5 hobgoblins
  3 jackals (D:2)
  4 kobolds (D:1)
  A quokka (D:1)
  2 ball pythons (D:1)
  3 bats (D:1)
  A frilled lizard (D:1)
25 creatures vanquished.

Notes
Turn   | Place    | Note
-------+----------+-------------------------------------------
     0 | D:1      | Shard1697 the Formicid Wanderer began the quest for the
                  | Orb.
     0 | D:1      | Shard1697 set off with the following items: a +0 hand axe,
                  | a +2 leather armour, a potion of lignification, a potion of
                  | curing.
     0 | D:1      | Reached XP level 1. HP: 13/13 MP: 1/1
    38 | D:1      | Reached XP level 2. HP: 14/19 MP: 2/2
   111 | D:1      | Found Duicef's General Store.
   236 | D:1      | Reached skill level 4 in Axes
   236 | D:1      | Reached XP level 3. HP: 18/24 MP: 3/3
   632 | D:2      | Slain by an iguana

Illustrated notes

Levels and vault maps discovered:
D:1:      moated_graveyard_arrival, layout_rooms, serial_shops, shop
D:2:      layout_basic

Skill      XL: |  1  2 |
---------------+-------+-----
Axes           | 4 |  4.2
Armour         | |  3.2
Dodging        | |  2.6
Stealth        | |  1.2

Action                     || total
---------------------------++-------
  Melee: Hand axe          ||    63
         Punch             ||     2
 Armour: Leather armour    ||    21
  Dodge: Dodged            ||    41

Table legend: (Time is in decaauts)
 A = Elapsed time spent in this place.
 B = Non-inter-level travel time spent in this place.
 C = Inter-level travel time spent in this place.
 D = Time resting spent in this place.
 E = Time spent auto-exploring this place.
 F = Levels seen in this place.
 G = Mean time per level.
                   A        B        C        D        E       F      G
               +--------+--------+--------+--------+--------+-----+--------+
         Total |    639 |    639 |      0 |     71 |    394 |   2 |  319.5 |
       Dungeon |    639 |    639 |      0 |     71 |    394 |   2 |  319.5 |
               +--------+--------+--------+--------+--------+-----+--------+

Top non-repeatable levels by time:
     D:1: 517 daAuts
     D:2: 121 daAuts
